 Dungeon Crawl Stone Soup version 0.30-a0-830-gfe289a77b0 (webtiles) character file.

Game seed: 13662509676183987779

16 Mickster the Trooper (level 2, -5/24 HPs)
             Began as a Demonspawn Chaos Knight on Feb 28, 2023.
             Was a Plaything of Xom.
             Slain by Terence
             ... wielding a +0 flail
              (6 damage)
             ... on level 2 of the Dungeon.
             The game lasted 00:10:45 (1168 turns).

Mickster the Trooper (Demonspawn Chaos Knight)      Turns: 1168, Time: 00:10:45

Health: -5/24      AC:  5    Str: 12    XL:     2   Next: 37%
Magic:  2/2        EV:  6    Int: 13    God:    Xom [..*...]
Gold:   50         SH: 10    Dex: 12    Spells: 1/1 levels left

rFire   . . .      SeeInvis .    a - +0 mace (chaos)
rCold   . . .      Faith    .    k - +0 tower shield
rNeg    . . .      Spirit   .    b - +2 leather armour
rPois   .          Reflect  .    (no helmet)
rElec   .          Harm     .    (no cloak)
rCorr   .          Rampage  .    (no gloves)
Will    .....                    (no boots)
Stlth   +                        (no amulet)
HPRegen 0.24/turn                (no ring)
MPRegen 0.08/turn                (no ring)

@: no status effects
A: hooves 1
a: Renounce Religion


You were on level 2 of the Dungeon.
You worshipped Xom.
You were a toy of Xom.
You visited 1 branch of the dungeon, and saw 2 of its levels.

You collected 50 gold pieces.

Inventory:

Hand Weapons
 a - a +0 mace of chaos (weapon)
 d - a +2 heavy sling
 i - a +0 dagger of speed
Missiles
 f - 11 stones
 j - 6 poisoned darts (quivered)
Armour
 b - a +2 leather armour (worn)
 k - a +0 tower shield (worn)
Potions
 e - a potion of berserk rage
 g - a potion of curing
 h - a potion of flight {unknown}
 l - a potion of attraction {unknown}
 m - a potion of magic {unknown}
 n - a potion of lignification {unknown}
Miscellaneous
 c - a piece from Xom's chessboard (15/15)


   Skills:
 + Level 3.2 Fighting
 + Level 3.0 Maces & Flails
 + Level 2.1 Armour
 + Level 0.9 Dodging


You had one spell level left.
You didn't know any spells.
Your spell library was empty.

Dungeon Overview and Level Annotations

Branches:
Dungeon (2/15)

Altars:

Annotations:
D:2 Terence


Innate Abilities, Weirdness & Mutations

You have large cloven feet.


Message History

The endoplasm quivers.
Terence says, "You're history."
Throw: 8 darts (poison)
Press: ? - help, Q - select action, (/) - cycle Shift-Dir - straight line, f - Terence
Aim: Terence, wielding a +0 flail and wearing a +0 ring mail (61% to hit)
You throw a poisoned dart.
The poisoned dart barely misses Terence.
Throw: 7 darts (poison)
Press: ? - help, Q - select action, (/) - cycle Shift-Dir - straight line, f/p - Terence
Aim: Terence, wielding a +0 flail and wearing a +0 ring mail (61% to hit)
You throw a poisoned dart. The poisoned dart hits Terence.
Terence is poisoned.
Terence drinks a potion.
Terence is healed!
Terence looks more healthy.
You closely miss Terence. You kick Terence, but do no damage.
Terence hits you with a +0 flail.
You hit Terence but do no damage. You kick Terence.
Terence is lightly wounded.
Terence barely misses you.
The endoplasm hits you but does no damage.
You block the endoplasm's attack. You block Terence's attack.
You hit Terence but do no damage. You kick Terence, but do no damage.
You block Terence's attack. You block the endoplasm's attack.
You block Terence's attack. The endoplasm barely misses you.
You hit Terence but do no damage. You kick Terence.
Terence is lightly wounded.
The endoplasm hits you. You block Terence's attack.
You completely miss Terence.
Terence is lightly wounded.
You block Terence's attack. The endoplasm barely misses you.
The endoplasm hits you. Terence hits you with a +0 flail!
You closely miss Terence. Your kick misses Terence.
Terence is lightly wounded.
Terence completely misses you. You block the endoplasm's attack.
The endoplasm hits you. Terence hits you with a +0 flail!
* * * LOW HITPOINT WARNING * * *
You hit Terence but do no damage. Your kick misses Terence.
Terence is lightly wounded.
The endoplasm hits you but does no damage.
Terence hits you with a +0 flail.
You die...
Xom laughs nastily!

#. #. #. #.# #
#.# .# #.###.#
#
######.J...#.##
(....(@@.......
............$##
######..######
#.<..# #....#
#....#
#####....#
#...###'##
#.##...###.#


You could see Terence and an endoplasm.

Vanquished Creatures
  3 ball pythons (D:1)
  A giant cockroach (D:1)
  2 hobgoblins (D:1)
  3 jackals (D:1)
  A quokka (D:1)
  A bat (D:1)
  A frilled lizard (D:1)
  2 kobolds (D:1)
14 creatures vanquished.

Vanquished Creatures (others)
  A withered plant (D:1)
1 creature vanquished.

Grand Total: 15 creatures vanquished

Notes
Turn   | Place    | Note
-------+----------+-------------------------------------------
     0 | D:1      | Mickster the Demonspawn Chaos Knight began the quest for
                  | the Orb.
     0 | D:1      | Reached XP level 1. HP: 18/18 MP: 1/1
   225 | D:1      | Found a faded altar of an unknown god.
   305 | D:1      | XOM: divination: detect items
   365 | D:1      | XOM: silly message
   408 | D:1      | Discovered your monstrous ancestry.
   408 | D:1      | Gained mutation: You have large cloven feet. [demonic
                  | ancestry]
   408 | D:1      | Reached XP level 2. HP: 13/24 MP: 2/2
   439 | D:1      | XOM: divination: detect creatures
   494 | D:1      | XOM: divination: magic mapping
  1157 | D:2      | Noticed Terence
  1167 | D:2      | HP: 1/24 [Terence/+0 flail (11)]
  1168 | D:2      | Slain by Terence

Illustrated notes

Levels and vault maps discovered:
D:1:      doesnt_arrival_eight_statues, layout_loops_ring,
          ebering_ecumenical_altar_petrified
D:2:      layout_basic, uniq_robin, uniq_terence, uniq_crazy_yiuf_cottage,
          uniq_sigmund

Skill      XL: |  1  2 |
---------------+-------+-----
Armour         | 2 |  2.1
Maces & Flails | 3 |  3.0
Fighting       | |  3.2
Dodging        | |  0.9

Action                     || total
---------------------------++-------
  Melee: Mace              ||    46
         Kick              ||     6
  Throw: Dart              ||     4
    Use: Potion            ||     4
         Scroll            ||     5
 Armour: Leather armour    ||    33
  Dodge: Dodged            ||    22
  Block: Tower shield      ||    28

Table legend: (Time is in decaauts)
 A = Elapsed time spent in this place.
 B = Non-inter-level travel time spent in this place.
 C = Inter-level travel time spent in this place.
 D = Time resting spent in this place.
 E = Time spent auto-exploring this place.
 F = Levels seen in this place.
 G = Mean time per level.
                   A        B        C        D        E       F      G
               +--------+--------+--------+--------+--------+-----+--------+
         Total |   1209 |   1147 |     62 |    221 |      0 |   2 |  604.5 |
       Dungeon |   1209 |   1147 |     62 |    221 |      0 |   2 |  604.5 |
               +--------+--------+--------+--------+--------+-----+--------+

Top non-repeatable levels by time:
     D:1: 1166 daAuts
     D:2: 42 daAuts
